 Dungeon Crawl Stone Soup version 0.19-a0-1895-g783e625 (webtiles) character file.

112 dobroeutro the Bolt Thrower (level 5, 0/32 HPs)
             Began as a Kobold Hunter on Oct 19, 2016.
             Slain by a sky beast (3 damage)
             ... on level 3 of the Dungeon.
             The game lasted 00:06:43 (3935 turns).

dobroeutro the Bolt Thrower (Kobold Hunter)         Turns: 3935, Time: 00:06:43

Health: 0/32       AC:  5    Str: 11    XL:     5   Next: 16%
Magic:  5/5        EV: 13    Int: 12    God:
Gold:   89         SH:  0    Dex: 15    Spells: 0 memorised, 4 levels left

rFire  . . .     SeeInvis .     b - +0 short sword
rCold  + . .     Gourm    .     c - +0 leather armour
rNeg   . . .     Faith    .     (shield restricted)
rPois  .         Spirit   .     (no helmet)
rElec  .         Reflect  .     (no cloak)
rCorr  .         Harm     .     e - +0 pair of gloves
MR     .....                    m - +0 pair of boots
Stlth  ++........               (no amulet)
                                (no ring)
                                j - ring of protection from cold

@: heavily drained
A: carnivore 3
a: no special abilities


You were on level 3 of the Dungeon.
You were very full.

You visited 1 branch of the dungeon, and saw 4 of its levels.

You collected 89 gold pieces.

Inventory:

Hand Weapons
 a - a +1 hand crossbow
 b - a +0 short sword (weapon)
Missiles
 d - 105 bolts
Armour
 c - a +0 leather armour (worn)
 e - a +0 pair of gloves (worn)
 m - a +0 pair of boots (worn)
Jewellery
 j - a ring of protection from cold (left hand)
Scrolls
 k - a scroll of blinking {unknown}
 l - a scroll of amnesia {unknown}
 o - a scroll of enchant armour {unknown}
 q - a scroll of noise {unknown}
Potions
 g - a potion of resistance {unknown}
 i - a potion of magic {unknown}
 p - a potion of degeneration {unknown}
Comestibles
 f - 5 meat rations
 h - a royal jelly
 n - a beef jerky


   Skills:
 + Level 3.4(1.7) Fighting
 + Level 2.1(0.5) Short Blades
 + Level 5.5(3.7) Crossbows
 - Level 2.4(0.8) Dodging
 + Level 3.7(2.0) Stealth


You had 4 spell levels left.
You didn't know any spells.

Dungeon Overview and Level Annotations

Branches:
Dungeon (4/15)
 Temple: D:4-7

Altars:
Makhleb

Annotations:
D:4 Philosophy's ghost, amateur CeHu


Innate Abilities, Weirdness & Mutations

You are small and have problems with some larger weapons.
You are carnivorous and can eat meat at any time.


Message History

Something shocks you.
You miss something. Something hits you but does no damage.
You miss something. Something barely misses you.
You miss something. Something hits you.
* * * LOW HITPOINT WARNING * * *
Something shocks you.
* * * LOW HITPOINT WARNING * * *
A sky beast appears from thin air!
Reactivating autopickup.
You hit the sky beast.
The sky beast is severely wounded.
The sky beast flickers out of sight!
Deactivating autopickup; reactivate with Ctrl-A.
Something barely misses you.
A sky beast appears from thin air!
Reactivating autopickup.
You hit the sky beast.
The sky beast is almost dead.
The sky beast hits you.
You die...

#.# #.# #.### #.#
#.# #.# #...# #.#
#.###.## ###># #.#
#.##...######.# #.#
#....#.....##.# #.#
####...###.##.###.#
#.#####........#
#.........Y#####
#.########@# #.# #.#
#.# #.## #.# #..#
#.# ##.# #.# #.##
#.# #..#
##################.#
...........#.....'.#


You could see a sky beast.

Vanquished Creatures
  3 adders
  2 worms (D:2)
  2 dart slugs (D:1)
  2 leopard geckos
  10 bats
  2 giant cockroaches (D:2)
  9 goblins
  9 hobgoblins
  8 jackals
  2 ball pythons
  8 frilled lizards
  6 kobolds
  9 rats
72 creatures vanquished.

Notes
Turn   | Place    | Note
-------+----------+-------------------------------------------
     0 | D:1      | dobroeutro the Kobold Hunter began the quest for the Orb.
     0 | D:1      | Reached XP level 1. HP: 12/12 MP: 1/1
   150 | D:1      | Reached skill level 5 in Crossbows
   210 | D:1      | Reached XP level 2. HP: 13/18 MP: 2/2
   284 | D:1      | Reached skill level 1 in Short Blades
   636 | D:1      | Reached XP level 3. HP: 13/22 MP: 3/3
  1480 | D:2      | Reached XP level 4. HP: 17/27 MP: 4/4
  1689 | D:2      | Found a burning altar of Makhleb.
  1691 | D:2      | Noticed a balrug
  3233 | D:3      | Reached XP level 5. HP: 22/32 MP: 5/5
  3563 | D:4      | Noticed Philosophy's ghost (amateur CeHu)
  3909 | D:4      | Noticed a sky beast
  3935 | D:3      | Slain by a sky beast

Vault maps used:
D:1:      dpeg_arrival_simpleton_c, hex_intersection
D:2:      makhleb_altar_promises_db
D:3:      roderic_serpentine_path
D:4:      first_bread, uniq_grinder

Skill      XL: |  1  2  3  4 |
---------------+-------------+-----
Crossbows      | 5 |  5.5
Short Blades   | 1 2 |  2.1
Stealth        | 2 3 |  3.7
Fighting       | 3 |  3.4
Dodging        | |  2.4

Action                   |  1- 3 |  4- 6 || total
-------------------------+-------+-------++-------
Melee: Short sword       |   128 |   157 ||   285
 Fire: Hand crossbow     |     1 |       ||     1
  Use: Scroll            |       |     1 ||     1
 Stab: Sleeping          |     4 |     5 ||     9
       Distracted        |       |     1 ||     1
  Eat: Chunk             |     8 |     9 ||    17
Armor: Leather armour    |    40 |    42 ||    82
Dodge: Dodged            |    94 |   134 ||   228
